 Dungeon Crawl Stone Soup version 0.29.1-14-g9c671dbff4 (webtiles) character file.

Game seed: 8620139419231111962

48 cowcol the Covered (level 3, 0/33 HPs)
             Began as a Minotaur Fighter on Feb 18, 2023.
             Slain by a gnoll
             ... wielding a +0 club
              (7 damage)
             ... on level 2 of the Dungeon.
             The game lasted 00:03:12 (1053 turns).

cowcol the Covered (Minotaur Fighter)               Turns: 1053, Time: 00:03:13

Health: 0/33       AC:  7    Str: 26    XL:     3   Next: 50%
Magic:  2/2        EV:  9    Int:  5    God:
Gold:   64         SH:  4    Dex: 11    Spells: 2/2 levels left

rFire   + . .      SeeInvis .   a - +0 war axe
rCold   . . .      Faith    .   c - +0 buckler
rNeg    . . .      Spirit   .   b - +0 scale mail
rPois   .          Reflect  .   (helmet restricted)
rElec   .          Harm     .   (no cloak)
rCorr   .          Rampage  .   (no gloves)
Will    .....                   (no boots)
Stlth   ..........              (no amulet)
HPRegen 0.11/turn               i - +6 ring of strength
MPRegen 0.08/turn               f - ring of protection from fire

@: no status effects
A: horns 2, retaliatory headbutt
a: no special abilities


You were on level 2 of the Dungeon.
You visited 1 branch of the dungeon, and saw 2 of its levels.

You collected 64 gold pieces.

Inventory:

Hand Weapons
 a - a +0 war axe (weapon)
 j - a +0 dagger
Missiles
 e - 5 poisoned darts (quivered)
Armour
 b - a +0 scale mail (worn)
 c - a +0 buckler (worn)
Jewellery
 f - a ring of protection from fire (right hand)
 i - a +6 ring of strength (left hand)
Scrolls
 g - 2 scrolls of teleportation
 k - a scroll of brand weapon {unknown}
Potions
 d - a potion of might
 h - 2 potions of attraction {unknown}
 l - a potion of curing {unknown}
 m - 2 potions of degeneration {unknown}


   Skills:
 + Level 4.0 Fighting
 + Level 3.6 Axes
 + Level 0.1 Throwing
 + Level 4.4 Armour
 - Level 3.6 Shields


You had 2 spell levels left.
You didn't know any spells.
Your spell library was empty.

Dungeon Overview and Level Annotations

Branches:
Dungeon (2/15)

Altars:


Innate Abilities, Weirdness & Mutations

You have a pair of horns on your head.
You reflexively headbutt those who attack you in melee.


Message History

The gnoll hits you from afar with a +0 spear.
You see here a +0 dagger.
You block the gnoll's attack.
You see here a +0 dagger.
You slash the gnoll!
The gnoll is almost dead.
You block the gnoll's attack.
You closely miss the gnoll. Your headbutt misses the gnoll.
The gnoll is almost dead.
The gnoll hits you but does no damage.
You slash the gnoll!
You kill the gnoll!
The rat bites you.
You closely miss the rat. The rat barely misses you. You furiously retaliate!
You headbutt the rat.
You kill the rat!
Things that are here:
a +0 spear; a rat corpse; a gnoll corpse A gnoll comes into view.
It is wielding a +0 halberd.
The gnoll hits you from afar with a +0 halberd!
Things that are here:
a +0 short sword; 4 stones; a kobold corpse A gnoll comes into view.
It is wielding a +0 club.
Found a book of Burglary and a scroll labelled URELESCH YTIGHE.
Found an escape hatch in the ceiling.
A gnoll comes into view. It is wielding a +0 whip.
You block the gnoll's attack.
You see here a giant cockroach corpse.
You barely miss the gnoll.
The gnoll shouts!
The gnoll hits you with a +0 halberd.
You closely miss the gnoll. x2; The gnoll hits you with a +0 club.
The gnoll hits you with a +0 halberd. The gnoll barely misses you.
The gnoll hits you with a +0 club.
* * * LOW HITPOINT WARNING * * *
You barely miss the gnoll. You hit the gnoll.
A giant cockroach comes into view.
The gnoll barely misses you. You furiously retaliate!
You headbutt the gnoll. The gnoll hits you with a +0 club!
You die...

......#.####.#
#.
.............#
. #<
######...###.#
.. #. #...#
#.## B? #.
##.## #... #.
#. ####.# #...
#..#.
.....####...
####...####
##........
#.....g@).#
#........
#...g#g##.#
####........
... ... #)#
#....####.## .
.....
#)###.##.# #.#
.....:.
#...#.##.# #.#
...#...
###...##.# #.#
#'##...
##..##.# #.#
.. #...
#..##.#
#..##.#


You could see 3 gnolls and a giant cockroach (wandering).

Vanquished Creatures
  2 gnolls
  An endoplasm (D:1)
  2 giant cockroaches (D:2)
  5 goblins
  A hobgoblin (D:1)
  4 kobolds
  2 quokkas (D:1)
  3 ball pythons (D:1)
  3 bats
  A frilled lizard (D:1)
  6 rats
30 creatures vanquished.

Notes
Turn   | Place    | Note
-------+----------+-------------------------------------------
     0 | D:1      | cowcol the Minotaur Fighter began the quest for the Orb.
     0 | D:1      | Reached XP level 1. HP: 19/19 MP: 0/0
   327 | D:1      | Reached XP level 2. HP: 20/27 MP: 1/1
   736 | D:1      | Reached XP level 3. HP: 31/33 MP: 2/2
  1053 | D:2      | Slain by a gnoll

Illustrated notes

Levels and vault maps discovered:
D:1:      minmay_arrival_diagonal_passages, layout_basic
D:2:      layout_basic, shapermc_ecumenical_altar_mp_highgroup, uniq_jessica

Skill      XL: |  1  2 |
---------------+-------+-----
Armour         | 4 |  4.4
Fighting       | 4 |  4.0
Axes           | 3 |  3.6
Throwing       | |  0.1
Shields        | |  3.6

Action                   || total
-------------------------++-------
Melee: War axe           ||    64
       Headbutt          ||     6
Throw: Dart              ||     1
  Use: Scroll            ||     1
Armor: Scale mail        ||    23
Dodge: Dodged            ||    26
Block: Buckler           ||    24
